HSSL
OCEANSIDE HS PIRATES @ JEFFERSONVILLE-YOUNGSVILLE CENTRAL HS TROJANS
04/22/2023
 
TOP OF THE 1ST
Oceanside HS Pirates batting - Pitching for Jeffersonville-Youngsville Central HS Trojans : RHP Brian Walker
Pitching: RHP Brian Walker
Batting: RHB Stan Taylor 0-0: Ball
1-0: Fly out, F8 (Flyball, 8RM)
Batting: SHB Ryan Holcomb 0-0: SINGLE (Groundball, 23) (infield hit)
Batting: LHB Michael Hanson 0-0: Called Strike
0-1: Ball
1-1: Ball
2-1: Grounds out, U3 (Groundball, 3L)
Batting: RHB Jeffery Evans 0-0: Ball
1-0: Swinging Strike
1-1: Foul Ball, location: 2F
1-2: Fly out, F3 (Popup, 3SF)
Top of the 1st over - 0 run(s), 1 hit(s), 0 error(s), 1 left on base; Oceanside HS 0 - Jeffersonville-Youngsville Central HS 0
BOTTOM OF THE 1ST
Jeffersonville-Youngsville Central HS Trojans batting - Pitching for Oceanside HS Pirates : RHP Dennis Montés
Pitching: RHP Dennis Montés
Batting: RHB Jerry Harris 0-0: Ball
1-0: Foul Ball, location: 2F
1-1: Ball
2-1: Swinging Strike
2-2: SINGLE (Line Drive, 6M)
Batting: RHB Alberto García 0-0: Ball
1-0: Ball
2-0: Called Strike
2-1: Foul Ball, location: 2F
2-2: Foul Ball, location: 2F
2-2: Ball
3-2: Foul Ball, location: 2F
3-2: Strikes out looking
Jerry Harris steals 2nd base
Batter strikes out.
Batting: LHB Bruce Jones 0-0: Ball
1-0: Ball
2-0: Ball
3-0: Base on Balls
Batting: RHB Luis Ibarra 0-0: Ball
1-0: Foul Ball, location: 2F
1-1: Swinging Strike
1-2: SINGLE (Flyball, 89S)
Jerry Harris to third
Bruce Jones to second
Runner from 3rd tries for Home, SAFE, no throw or cutoff
Batting: LHB José Martínez 0-0: Ball
1-0: Swinging Strike
1-1: Grounds into double play, 6-4-3 (Groundball, 6M)
Bottom of the 1st over - 1 run(s), 2 hit(s), 0 error(s), 1 left on base; Oceanside HS 0 - Jeffersonville-Youngsville Central HS 1
TOP OF THE 2ND
Oceanside HS Pirates batting - Pitching for Jeffersonville-Youngsville Central HS Trojans : RHP Brian Walker
Batting: LHB Jon Quinn 0-0: Called Strike
0-1: Ball
1-1: Ball
2-1: Foul Ball, location: 2F
2-2: Foul Ball, location: 2F
2-2: Strikes out swinging
Batting: RHB Juan Reyes 0-0: Ball
1-0: Ball
2-0: Foul Ball, location: 2F
2-1: Swinging Strike
2-2: Strikes out looking
Batting: RHB Joe Rogers 0-0: Ball
Single, Error in OF, E9, batter to second base
Batting: RHB Glen Madden 0-0: Ball
1-0: Fly out, F4 (Line Drive, 4)
Top of the 2nd over - 0 run(s), 1 hit(s), 1 error(s), 1 left on base; Oceanside HS 0 - Jeffersonville-Youngsville Central HS 1
BOTTOM OF THE 2ND
Jeffersonville-Youngsville Central HS Trojans batting - Pitching for Oceanside HS Pirates : RHP Dennis Montés
Batting: RHB Melvin Johnson 0-0: Called Strike
0-1: Called Strike
0-2: Ball
1-2: Foul Ball, location: 2F
1-2: SINGLE (Flyball, 8LS)
Batting: SHB Ralph Alfonzo 0-0: Ball
1-0: Ball
2-0: Ball
3-0: Base on Balls
Melvin Johnson to second
Batting: RHB António Olivares 0-0: Ball
1-0: Ball
2-0: Fly out, F9 (Flyball, 9LS)
Batting: RHB Andrew Holmes 0-0: Ball
1-0: Ball
2-0: Ball
3-0: Base on Balls
Melvin Johnson to third
Ralph Alfonzo to second
Batting: RHB Jerry Harris 0-0: Grounds into double play, 5-4-3 (Groundball, 5)
Bottom of the 2nd over - 0 run(s), 1 hit(s), 0 error(s), 2 left on base; Oceanside HS 0 - Jeffersonville-Youngsville Central HS 1
TOP OF THE 3RD
Oceanside HS Pirates batting - Pitching for Jeffersonville-Youngsville Central HS Trojans : RHP Brian Walker
Batting: LHB Xavier Rivera 0-0: Ball
1-0: Ball
2-0: Foul Ball, location: 2F
2-1: Swinging Strike
2-2: Foul Ball, location: 2F
2-2: Strikes out swinging
Batting: RHB Stan Taylor 0-0: Called Strike
0-1: Ball
1-1: Ball
2-1: Fly out, F7 (Flyball, 78M)
Batting: SHB Ryan Holcomb 0-0: Foul Ball, location: 2F
0-1: Ball
1-1: Called Strike
1-2: Ball
2-2: Strikes out swinging
Top of the 3rd over - 0 run(s), 0 hit(s), 0 error(s), 0 left on base; Oceanside HS 0 - Jeffersonville-Youngsville Central HS 1
BOTTOM OF THE 3RD
Jeffersonville-Youngsville Central HS Trojans batting - Pitching for Oceanside HS Pirates : RHP Dennis Montés
Batting: RHB Alberto García 0-0: Ball
1-0: Ball
2-0: Ball
3-0: Called Strike
3-1: Swinging Strike
3-2: Base on Balls
Batting: LHB Bruce Jones 0-0: Called Strike
0-1: Ball
1-1: Ball
2-1: Ball
3-1: Base on Balls
Alberto García to second
Batting: RHB Luis Ibarra 0-0: Ball
1-0: Ball
2-0: Ball
3-0: Called Strike
3-1: Foul Ball, location: 2F
3-2: Foul Ball, location: 2F
3-2: Foul Ball, location: 2F
3-2: Fly out, F7 (Line Drive, 78M)
Batting: LHB José Martínez 0-0: Ball
1-0: Ball
2-0: Ball
3-0: Called Strike
3-1: Fly out, F4 (Popup, 4M)
Batting: RHB Melvin Johnson 0-0: Ball
1-0: Ball
2-0: SINGLE (Groundball, 6)
Alberto García to third
Bruce Jones to second
Runner from 3rd tries for Home, SAFE, no throw or cutoff
Batting: SHB Ralph Alfonzo 0-0: Ball
1-0: Fly out, F7 (Flyball, 78M)
Bottom of the 3rd over - 1 run(s), 1 hit(s), 0 error(s), 2 left on base; Oceanside HS 0 - Jeffersonville-Youngsville Central HS 2
TOP OF THE 4TH
Oceanside HS Pirates batting - Pitching for Jeffersonville-Youngsville Central HS Trojans : RHP Brian Walker
Batting: LHB Michael Hanson 0-0: Ball
1-0: Called Strike
1-1: Ball
2-1: Ball
3-1: Base on Balls
Batting: RHB Jeffery Evans 0-0: Ball
1-0: Ball
2-0: Ball
3-0: Called Strike
3-1: Swinging Strike
3-2: Base on Balls
Michael Hanson to second
Batting: LHB Jon Quinn 0-0: Fielders Choice at 2nd, 1-6 (Groundball, 25)
Michael Hanson to third
Batting: RHB Juan Reyes 0-0: Ball
1-0: Ball
2-0: Ball
3-0: Called Strike
3-1: Called Strike
3-2: Foul Ball, location: 2F
3-2: Foul Ball, location: 2F
3-2: SINGLE (Groundball, 6MD)
Michael Hanson scores
Jon Quinn to second
Batting: RHB Joe Rogers 0-0: Ball
1-0: Called Strike
1-1: Called Strike
1-2: Ball
2-2: Grounds into double play, 1-6-3 (Groundball, 23)
Top of the 4th over - 1 run(s), 1 hit(s), 0 error(s), 1 left on base; Oceanside HS 1 - Jeffersonville-Youngsville Central HS 2
BOTTOM OF THE 4TH
Jeffersonville-Youngsville Central HS Trojans batting - Pitching for Oceanside HS Pirates : RHP Dennis Montés
Batting: RHB António Olivares 0-0: Fly out, F9 (Flyball, 9M)
Batting: RHB Andrew Holmes 0-0: Called Strike
0-1: Foul Ball, location: 2F
0-2: Foul Ball, location: 2F
0-2: Ball
1-2: Ball
2-2: Strikes out looking
Batting: RHB Jerry Harris 0-0: Foul Ball, location: 2F
0-1: Ball
1-1: Ball
2-1: Ball
3-1: Base on Balls
Pitching: RHP Bob Jordan
Batting: RHB Alberto García 0-0: Ball
1-0: Swinging Strike
1-1: Foul Ball, location: 2F
1-2: Foul Ball, location: 2F
1-2: Ground out 1-3 (Groundball, 15)
Bottom of the 4th over - 0 run(s), 0 hit(s), 0 error(s), 1 left on base; Oceanside HS 1 - Jeffersonville-Youngsville Central HS 2
TOP OF THE 5TH
Oceanside HS Pirates batting - Pitching for Jeffersonville-Youngsville Central HS Trojans : RHP Brian Walker
Batting: RHB Glen Madden 0-0: Ball
1-0: Swinging Strike
1-1: Hit by Pitch
Batting: LHB Xavier Rivera 0-0: Ball
1-0: Swinging Strike
1-1: Ball
2-1: Called Strike
2-2: Strikes out swinging
Batting: RHB Stan Taylor 0-0: Ball
1-0: Ball
2-0: Foul Ball, location: 2F
2-1: Ball
3-1: Foul Ball, location: 2F
3-2: Base on Balls
Glen Madden to second
Pitching: RHP Jesús Muros
Batting: SHB Ryan Holcomb 0-0: Called Strike
0-1: Ball
1-1: Foul Ball, location: 2F
1-2: Ball
2-2: Foul Ball, location: 2F
2-2: Ball
3-2: Strikes out swinging
Batting: LHB Michael Hanson 0-0: Called Strike
0-1: Ball
1-1: Ball
2-1: Called Strike
2-2: Reached on error, E4 (Groundball, 4)
Glen Madden to third
Stan Taylor to second
Batting: RHB Jeffery Evans 0-0: DOUBLE (Flyball, 9D)
Glen Madden scores
Stan Taylor scores
Michael Hanson to third
Runner from 3rd tries for Home, SAFE, no throw or cutoff
Batting: LHB Jon Quinn 0-0: Ball
1-0: Ball
Balk!
Jeffery Evans to third
2-0: Called Strike
2-1: Foul Ball, location: 2F
2-2: Ball
3-2: Base on Balls
Batting: RHB Juan Reyes 0-0: Fly out, F8 (Line Drive, 8RM)
Top of the 5th over - 3 run(s), 1 hit(s), 1 error(s), 2 left on base; Oceanside HS 4 - Jeffersonville-Youngsville Central HS 2
BOTTOM OF THE 5TH
Jeffersonville-Youngsville Central HS Trojans batting - Pitching for Oceanside HS Pirates : RHP Bob Jordan
Batting: LHB Bruce Jones 0-0: Swinging Strike
0-1: SINGLE (Line Drive, 56)
Batting: RHB Luis Ibarra 0-0: Ball
1-0: Ball
2-0: Called Strike
2-1: Foul Ball, location: 2F
2-2: SINGLE (Popup, 34D)
Bruce Jones to second
Runner from 2nd tries for 3rd, SAFE, throw made to third
Batting: LHB José Martínez 0-0: Ball
1-0: Fly out, F9 (Flyball, 9M)
Runner from 3rd tags up, SCORES, throw made
Batting: RHB Melvin Johnson 0-0: Ball
Throwing error on steal attempt, E2
Luis Ibarra to third
1-0: Ball
2-0: SINGLE (Line Drive, 7S)
Luis Ibarra scores
Batting: SHB Ralph Alfonzo 0-0: Ball
1-0: Ball
2-0: Ball
3-0: Called Strike
3-1: Fly out, F7 (Flyball, 7S)
Batting: RHB António Olivares 0-0: Ball
1-0: Foul Ball, location: 2F
1-1: Swinging Strike
1-2: Foul Ball, location: 2F
1-2: Ball
2-2: Strikes out swinging
Bottom of the 5th over - 2 run(s), 3 hit(s), 1 error(s), 1 left on base; Oceanside HS 4 - Jeffersonville-Youngsville Central HS 4
TOP OF THE 6TH
Oceanside HS Pirates batting - Pitching for Jeffersonville-Youngsville Central HS Trojans : RHP Jesús Muros
Batting: RHB Joe Rogers 0-0: Ground out 6-3 (Groundball, 6M)
Batting: RHB Glen Madden 0-0: Ball
1-0: Ball
2-0: Ball
3-0: Called Strike
3-1: Base on Balls
Batting: LHB Xavier Rivera 0-0: Called Strike
Glen Madden is caught stealing 2nd base
0-1: Foul Ball, location: 2F
0-2: Strikes out swinging
Top of the 6th over - 0 run(s), 0 hit(s), 0 error(s), 0 left on base; Oceanside HS 4 - Jeffersonville-Youngsville Central HS 4
BOTTOM OF THE 6TH
Jeffersonville-Youngsville Central HS Trojans batting - Pitching for Oceanside HS Pirates : RHP Bob Jordan
Batting: RHB Andrew Holmes 0-0: Called Strike
0-1: Ball
1-1: Swinging Strike
1-2: Ball
2-2: Foul Ball, location: 2F
2-2: Reached on error, E5 (Groundball, 56)
Batting: RHB Jerry Harris 0-0: SINGLE (Groundball, 6M)
Andrew Holmes to second
Runner from 2nd tries for 3rd, SAFE, throw made to third
Batting: RHB Alberto García 0-0: Foul Ball, location: 2F
0-1: Ball
1-1: Foul Ball, location: 2F
1-2: Ball
2-2: Strikes out swinging
Batting: LHB Bruce Jones 0-0: Called Strike
0-1: Ball
1-1: Ball
2-1: Foul Ball, location: 2F
2-2: Foul Ball, location: 2F
2-2: Ground out U3 (Groundball, 3S)
Andrew Holmes scores
Jerry Harris to second
Batting: RHB Luis Ibarra 0-0: Ball
1-0: Ball
2-0: Called Strike
2-1: Foul Ball, location: 2F
2-2: Ball
3-2: Foul Ball, location: 2F
3-2: Base on Balls
Pitching: RHP Scott Barteaux
Batting: LHB José Martínez 0-0: Ball
1-0: Foul Ball, location: 2F
1-1: Ball
2-1: Foul Ball, location: 2F
2-2: SINGLE (Groundball, 34D)
Jerry Harris to third
Luis Ibarra to second
Runner from 3rd tries for Home, SAFE, no throw or cutoff
Batting: RHB Melvin Johnson 0-0: Ground out 6-3 (Groundball, 6)
Bottom of the 6th over - 2 run(s), 2 hit(s), 1 error(s), 2 left on base; Oceanside HS 4 - Jeffersonville-Youngsville Central HS 6
TOP OF THE 7TH
Oceanside HS Pirates batting - Pitching for Jeffersonville-Youngsville Central HS Trojans : RHP Jesús Muros
Batting: RHB Stan Taylor 0-0: Ball
1-0: Ball
2-0: Ball
3-0: Base on Balls
Batting: SHB Ryan Holcomb 0-0: Sac Bunt - play at first, batter OUT! 1-4
Stan Taylor to second
Pitching: RHP Eduardo Morales
Batting: LHB Michael Hanson 0-0: Called Strike
0-1: Ball
1-1: Ball
2-1: Swinging Strike
2-2: Strikes out swinging
Batting: RHB Jeffery Evans 0-0: Ball
1-0: Ball
2-0: Ball
3-0: Called Strike
3-1: Called Strike
3-2: SINGLE (Line Drive, 78M)
Stan Taylor to third
Stan Taylor scores
Batting: LHB Jon Quinn 0-0: Called Strike
0-1: Ground out 3-1 (Groundball, 34S)
Top of the 7th over - 1 run(s), 1 hit(s), 0 error(s), 1 left on base; Oceanside HS 5 - Jeffersonville-Youngsville Central HS 6
BOTTOM OF THE 7TH
Jeffersonville-Youngsville Central HS Trojans batting - Pitching for Oceanside HS Pirates : RHP Scott Barteaux
Batting: SHB Ralph Alfonzo 0-0: Foul Ball, location: 2F
0-1: Ball
1-1: Ball
2-1: Foul Ball, location: 2F
2-2: Strikes out swinging
Batting: RHB António Olivares 0-0: Ground out 4-3 (Groundball, 4M)
Batting: RHB Andrew Holmes 0-0: Ball
1-0: Ball
2-0: Foul Ball, location: 2F
2-1: Ball
3-1: Ground out 4-3 (Groundball, 34)
Bottom of the 7th over - 0 run(s), 0 hit(s), 0 error(s), 0 left on base; Oceanside HS 5 - Jeffersonville-Youngsville Central HS 6
TOP OF THE 8TH
Oceanside HS Pirates batting - Pitching for Jeffersonville-Youngsville Central HS Trojans : RHP Eduardo Morales
Pitching: RHP Michael Waller
Batting: RHB Juan Reyes 0-0: Called Strike
0-1: Foul Ball, location: 2F
0-2: Foul Ball, location: 2F
0-2: TRIPLE (Groundball, 3L)
Batting: RHB Joe Rogers 0-0: Called Strike
0-1: Swinging Strike
0-2: Foul Ball, location: 2F
0-2: Foul Ball, location: 2F
0-2: Ball
1-2: Ball
2-2: Strikes out swinging
Batting: RHB Glen Madden 0-0: Called Strike
0-1: Ball
1-1: Ball
2-1: Ball
3-1: Base on Balls
Pitching: LHP Dave McCoy
Batting: LHB Xavier Rivera 0-0: Swinging Strike
0-1: Foul Ball, location: 2F
0-2: Ball
1-2: Foul Ball, location: 2F
Pickoff Throw to First - Out!
1-2: Ball
2-2: Ball
3-2: Fly out, F9 (Flyball, 89M)
Top of the 8th over - 0 run(s), 1 hit(s), 0 error(s), 1 left on base; Oceanside HS 5 - Jeffersonville-Youngsville Central HS 6
BOTTOM OF THE 8TH
Jeffersonville-Youngsville Central HS Trojans batting - Pitching for Oceanside HS Pirates : RHP Scott Barteaux
Batting: RHB Jerry Harris 0-0: Foul Ball, location: 2F
0-1: Called Strike
0-2: Foul Ball, location: 2F
0-2: Strikes out swinging
Batting: RHB Alberto García 0-0: Ball
1-0: Called Strike
1-1: Swinging Strike
1-2: Foul Ball, location: 2F
1-2: Fly out, F9 (Popup, 4D)
Batting: LHB Bruce Jones 0-0: Ball
1-0: Ground out 3-1 (Groundball, 34S)
Bottom of the 8th over - 0 run(s), 0 hit(s), 0 error(s), 0 left on base; Oceanside HS 5 - Jeffersonville-Youngsville Central HS 6
TOP OF THE 9TH
Oceanside HS Pirates batting - Pitching for Jeffersonville-Youngsville Central HS Trojans : LHP Dave McCoy
Pitching: RHP Ryan Heath
Batting: RHB Stan Taylor 0-0: Called Strike
0-1: Ball
1-1: Fly out, F8 (Flyball, 8RS)
Batting: SHB Ryan Holcomb 0-0: Called Strike
0-1: Ball
1-1: Swinging Strike
1-2: Foul Ball, location: 2F
1-2: Strikes out swinging
Batting: LHB Michael Hanson 0-0: Ball
1-0: Called Strike
1-1: Foul Ball, location: 2F
1-2: Foul Ball, location: 2F
1-2: Ball
2-2: Ball
3-2: Foul Ball, location: 2F
3-2: Fly out, F8 (Flyball, 8LM)
Top of the 9th over - 0 run(s), 0 hit(s), 0 error(s), 0 left on base; Oceanside HS 5 - Jeffersonville-Youngsville Central HS 6
This league is powered by Out of the Park Baseball, the baseball management simulation game for PC, Mac and Linux
Wednesday, December 2nd, 2015 - OOTP Baseball 16.8 Build 38